Cogmind - Beta 13 @@@ ROGUE MODE // 2024.07.04 @ 16:35:52 Player: JackZewap Result: Destroyed by LH-XO5(f) with Tearclaws Performance ------------- Evolutions (3) 1500 Regions Visited (7) 1400 Robots Destroyed (27) 135 Value Destroyed (733) 733 Prototype IDs (5) 100 Alien Tech Used (0) 0 Bonus (0) 0 TOTAL SCORE: 3868 Bonus ------- None Cogmind --------- Core Integrity 0/700 Matter 300/300 Energy 99/100 System Corruption 7% Temperature Cool (0) Movement Core (50) Location -7/Lower Caves Parts ------- > --- POWER (1) -------- (None) > --- PROPULSION (4) --- (None) > --- UTILITY (6) ------ (None) > --- WEAPON (2) ------- (None) > --- INVENTORY (5) ---- Improved Cooling System Transmission Jammer Makeshift Hacking Suite Makeshift Hacking Suite Gauss Rifle Peak State ------------ > --- POWER ------------ Light Nuclear Core > --- PROPULSION ------- Cesium-ion Thruster Cesium-ion Thruster Cesium-ion Thruster Improved VTOL Module > --- UTILITY ---------- Small Storage Unit Weight Redist. System Structural Scanner Visual Processing Unit Improved Sensor Array Transmission Jammer > --- WEAPON ----------- Greatsword > --- INVENTORY -------- Improved VTOL Module Improved Cooling System Compact Matter Pod Propulsion Shielding System Shield Gauss Rifle Gauss Rifle [Rating: 39] Favorites ----------- Power Light Ion Engine Engine Light Ion Engine Power Core Light Nuclear Core Propulsion Hover Unit Treads Light Treads Hover Unit Hover Unit Flight Unit Cesium-ion Thruster Utility Small Storage Unit Device Structural Scanner Storage Small Storage Unit Processor Visual Processing Unit Protection Propulsion Shielding Weapon Minigun Energy Gun Small Laser Ballistic Gun Minigun Slashing Weapon Greatsword Build | -11 -10 -10 -9 -8 -7 -7 -7 ------- Run | Yrd Mat Min Mat Mat Fac Low Low Slots Evolved 6 | . . . 2 2 2 . . Power . | . . . . . . . . Propulsion 2 | . . . 1 1 . . . Utility 4 | . . . 1 1 2 . . Weapon . | . . . . . . . . Parts Attached 63 | 5 5 . 17 26 6 4 . Power 8 | 1 . . 3 3 1 . . Engine 6 | 1 . . 3 2 . . . Core 2 | . . . . 1 1 . . Reactor . | . . . . . . . . Propulsion 17 | 2 2 . 3 7 1 2 . Treads 2 | 2 . . . . . . . Leg . | . . . . . . . . Wheel . | . . . . . . . . Hover 7 | . 2 . 3 2 . . . Flight 8 | . . . . 5 1 2 . Utility 30 | 1 1 . 9 13 4 2 . Device 18 | . 1 . 7 7 2 1 . Storage 3 | 1 . . . 1 . 1 . Processor 4 | . . . . 3 1 . . Hackware . | . . . . . . . . Protection 5 | . . . 2 2 1 . . Artifact . | . . . . . . . . Weapon 8 | 1 2 . 2 3 . . . Energy Gun 2 | . 2 . . . . . . Energy Cannon . | . . . . . . . . Ballistic Gun 5 | 1 . . 2 2 . . . Ballistic Cannon . | . . . . . . . . Launcher . | . . . . . . . . Special Weapon . | . . . . . . . . Impact Weapon . | . . . . . . . . Slashing Weapon 1 | . . . . 1 . . . Piercing Weapon . | . . . . . . . . Special Melee Weapon . | . . . . . . . . Unidentified Prototypes 1 | . . . . 1 . . . Parts Lost 12 | . . . . 1 . 11 . Power 1 | . . . . . . 1 . Propulsion 7 | . . . . 1 . 6 . Utility 3 | . . . . . . 3 . Weapon 1 | . . . . . . 1 . Highest Loss Streak 11 | . . . . 1 . 11 . To Critical Strikes . | . . . . . . . . Average Slot Usage (%) 88 | . 84 85 95 94 92 73 7 Engine 7 | . 14 . 9 6 . . . Core 1 | . . . . 2 7 5 . Treads 4 | . 27 . . . . . . Hover 16 | . . 28 31 19 . . . Flight 8 | . . . . 14 30 22 . Device 16 | . 12 14 19 14 23 17 . Storage 10 | . 14 14 11 9 7 8 7 Processor 3 | . . . . 6 7 7 . Protection 2 | . . . 1 3 7 4 . Energy Gun 1 | . 1 28 1 . . . . Ballistic Gun 12 | . 13 . 20 13 . . . Slashing Weapon 1 | . . . . 2 7 4 . Naked Turns 1 | . . . . . . . 1 Heaviest Build 24 | 11 13 8 20 24 21 21 1 Greatest Support 40 | 40 40 12 24 32 26 21 3 Greatest Overweight (x) 2 | . 2 . . 2 . 2 . Average Overweight (x) . | . . . . . . . . Largest Inventory Capacity 8 | 8 8 8 8 8 8 8 5 Average Capacity 7 | 6 8 8 8 8 8 7 5 Most Carried 8 | . 4 6 8 8 8 8 5 Average Carried 6 | . . 5 7 7 7 7 5 Final Capacity 8 | 8 8 8 8 8 8 5 5 Final Carried 8 | . 4 6 8 8 8 5 5 Class Distribution -------------------- 72% | Mutant 16% | Sprinter 11% | Infiltrator-Sprinter Dominant Class ---------------- Mutant | -10/Materials Mutant | -10/Mines Mutant | -9/Materials Mutant | -8/Materials Infiltrator-Sprinter | -7/Factory Mutant | -7/Lower Caves Mutant | -7/Lower Caves Resources | -11 -10 -10 -9 -8 -7 -7 -7 ----------- Run | Yrd Mat Min Mat Mat Fac Low Low Matter Collected 1449 | 234 62 22 432 461 . 238 . Remotely . | . . . . . . . . Salvage Created 1335 | . 135 . 493 397 . 310 . Parts 69 | . 4 . 34 25 . 6 . Haulers Intercepted 3 | . . . 2 1 . . . Recyclers Shooed . | . . . . . . . . Parts Field Recycled . | . . . . . . . . Retrieved Matter . | . . . . . . . . Parts Self-Destructed 4 | . . . . . . 4 . Prevented 3 | . . . . . . . 3 Kills | -11 -10 -10 -9 -8 -7 -7 -7 ------- Run | Yrd Mat Min Mat Mat Fac Low Low Combat Hostiles Destroyed 19 | . 3 . 10 6 . . . Guns 19 | . 3 . 10 6 . . . Classes Destroyed 8 | . 2 . 5 . . 1 . Worker 1 | . . . 1 . . . . Hauler 3 | . . . 2 1 . . . Operator 1 | . 1 . . . . . . Watcher 3 | . . . 1 2 . . . Swarmer 5 | . . . 5 . . . . Grunt 8 | . 3 . 1 4 . . . Sentry 6 | . . . 4 2 . . . Samaritan 3 | . . . . . . 3 . Best Kill Streak 6 | . 3 . 6 3 . . . Combat Bots Only 5 | . 2 . 5 3 . . . Max Kills in Single Turn 2 | . 1 . 2 1 . 1 . Gunslinging 1 | . . . 1 . . . . Exploded . | . . . . . . . . Melee . | . . . . . . . . Uniques/NPCs Destroyed . | . . . . . . . . Combat | -11 -10 -10 -9 -8 -7 -7 -7 -------- Run | Yrd Mat Min Mat Mat Fac Low Low Hostile Shots Fired 273 | . 30 10 46 22 9 154 2 Missed 110 | . 8 3 20 10 6 63 . Damage Taken 2275 | . 300 88 287 187 29 1366 18 Core 937 | . 92 16 78 45 12 676 18 Absorbed by Shields . | . . . . . . . . Redirected to Shielding 71 | . . . 5 20 . 46 . Core Remaining (%) 81 | 100 . 56 80 91 . . . Volleys Fired 87 | . 36 . 31 20 . . . Largest 2 | . 1 . 2 2 . . . Hottest 80 | . 20 . 80 56 . . . Shots Fired 138 | . 36 . 62 40 . . . Gun 138 | . 36 . 62 40 . . . Cannon . | . . . . . . . . Launcher . | . . . . . . . . Special . | . . . . . . . . Kinetic 134 | . 36 . 58 40 . . . Thermal 4 | . . . 4 . . . . Explosive . | . . . . . . . . Electromagnetic . | . . . . . . . . Robot Hit Streak 14 | . 5 . 13 14 . . . Robot Miss Streak 4 | . 3 . 4 3 . . . Penetration Max 1 | . . . . 1 . . . Secondary Targets 4 | . . . 2 2 . . . Max Gunslinging Chain 1 | . . . 1 1 . . . Shots Hit Robots 93 | . 20 . 32 30 1 10 . Core Hits 45 | . 9 . 17 13 . 6 . Critical Kills 2 | . . . 1 1 . . . Critical Parts Destroyed 2 | . 1 . 1 . . . . Critical Strikes 4 | . 1 . 2 1 . . . Destroy 4 | . 1 . 2 1 . . . Melee Attacks 30 | . . . . 17 1 12 . Impact . | . . . . . . . . Slashing 30 | . . . . 17 1 12 . Piercing . | . . . . . . . . Sneak Attacks 5 | . . . . . . 5 . Combat Hostiles . | . . . . . . . . Follow-up Attacks . | . . . . . . . . Damage Inflicted 2567 | . 182 . 549 775 70 991 . Guns 1317 | . 182 . 549 586 . . . Cannons . | . . . . . . . . Explosions . | . . . . . . . . Melee 1235 | . . . . 189 70 976 . Ramming 15 | . . . . . . 15 . Kinetic 1297 | . 182 . 529 586 . . . Thermal 20 | . . . 20 . . . . Explosive . | . . . . . . . . Electromagnetic . | . . . . . . . . Impact . | . . . . . . . . Slashing 1235 | . . . . 189 70 976 . Piercing . | . . . . . . . . Highest Corruption 7 | . . . 1 1 . 7 7 Average Corruption 1 | . . . 1 1 . 3 7 Corruption Purged . | . . . . . . . . Corruption Blocked . | . . . . . . . . Effects 6 | . . . 4 1 . . 1 Message Errors 1 | . . . . 1 . . . Matter Fused 1 | . . . 1 . . . . Heat Flow Errors 2 | . . . 1 . . . 1 Energy Discharges 1 | . . . 1 . . . . Data Loss (minor) 1 | . . . 1 . . . . Overload Shots . | . . . . . . . . Overflow Damage 391 | . . . . 27 35 329 . Projectiles . | . . . . . . . . Explosions . | . . . . . . . . Melee 391 | . . . . 27 35 329 . Knockbacks . | . . . . . . . . Impact . | . . . . . . . . Kinetic . | . . . . . . . . Secondary . | . . . . . . . . Self-Inflicted Damage 7 | . . . . . . 7 . Shots . | . . . . . . . . Rammed 3 | . . . . . . 3 . Targets Rammed 3 | . . . . . . 3 . Kicked . | . . . . . . . . Crushed . | . . . . . . . . Highest Temperature 243 | . 18 . 243 35 6 . 68 Average Temperature 34 | . 7 . 46 13 6 . 51 Received Heat Transfer 492 | . 144 51 60 135 12 90 . Siege Activations . | . . . . . . . . Robots Corrupted . | . . . . . . . . Combat Hostiles . | . . . . . . . . Parts Fried . | . . . . . . . . Impact Corruptions . | . . . . . . . . Robots Melted . | . . . . . . . . Combat Hostiles . | . . . . . . . . Parts Melted . | . . . . . . . . Heat Transferred 50 | . . . 50 . . . . Parts Sabotaged . | . . . . . . . . Parts Stolen 1 | . . . . . . . 1 Parts Stripped . | . . . . . . . . Power Chain Reactions . | . . . . . . . . Alert | -11 -10 -10 -9 -8 -7 -7 -7 ------- Run | Yrd Mat Min Mat Mat Fac Low Low Peak Influence 381 | . 110 72 314 381 194 . . Initial 164 | . . 42 27 132 164 . . Average 140 | . 80 57 94 247 168 . . Maximum Alert Level 1 | . . . 1 1 . . . Low Security (%) 76 | 100 100 100 93 32 100 . . Level 1 23 | . . . 6 67 . . . Level 2 . | . . . . . . . . Level 3 . | . . . . . . . . Level 4 . | . . . . . . . . Level 5 . | . . . . . . . . High Security . | . . . . . . . . Max Security . | . . . . . . . . Squads Dispatched 5 | . 2 . 1 1 1 . . Investigation 3 | . . . 1 1 1 . . Extermination . | . . . . . . . . Reinforcement 2 | . 2 . . . . . . Assault . | . . . . . . . . Garrison . | . . . . . . . . Intercept . | . . . . . . . . Searches Triggered . | . . . . . . . . Construction Impeded . | . . . . . . . . Haulers Reinforced . | . . . . . . . . Active Scanning Responses . | . . . . . . . . Cargo Convoy Interrupts . | . . . . . . . . Stealth | -11 -10 -10 -9 -8 -7 -7 -7 --------- Run | Yrd Mat Min Mat Mat Fac Low Low Distress Signals . | . . . . . . . . Communications Jammed . | . . . . . . . . Distress Signals . | . . . . . . . . Times Spotted 65 | . 6 4 19 8 3 22 3 Peak Tracking Total 11 | . 3 4 4 4 3 11 3 Tactical Retreats 7 | . . 1 3 . . 3 . Traps | -11 -10 -10 -9 -8 -7 -7 -7 ------- Run | Yrd Mat Min Mat Mat Fac Low Low Traps Triggered 3 | . . . 1 2 . . . Indirectly . | . . . . . . . . Trap Hack Attempts . | . . . . . . . . Triggered . | . . . . . . . . Disarmed . | . . . . . . . . Reprogrammed . | . . . . . . . . Reused . | . . . . . . . . Traps Extracted . | . . . . . . . . Installed 1 | . . . . . . . 1 Triggered 1 | . . . . . . . 1 Machines | -11 -10 -10 -9 -8 -7 -7 -7 ---------- Run | Yrd Mat Min Mat Mat Fac Low Low Machines Disabled . | . . . . . . . . Max in Single Turn . | . . . . . . . . Machines Repaired . | . . . . . . . . Machines Dismantled . | . . . . . . . . Machines Sabotaged . | . . . . . . . . Overloaded Fab Kills . | . . . . . . . . Hacking | -11 -10 -10 -9 -8 -7 -7 -7 --------- Run | Yrd Mat Min Mat Mat Fac Low Low Machines Accessed 8 | . 1 . 3 2 2 . . Terminals 6 | . 1 . 3 1 1 . . Fabricators . | . . . . . . . . Repair Stations 1 | . . . . 1 . . . Recycling Units 1 | . . . . . 1 . . Scanalyzers . | . . . . . . . . Garrison Access . | . . . . . . . . Total Hacks 23 | . 4 . 8 7 4 . . Successful 15 | . 4 . 7 4 . . . Failed 8 | . . . 1 3 4 . . Catastrophic 4 | . . . 1 1 2 . . Database Lockouts . | . . . . . . . . Manual 14 | . 2 . 5 4 3 . . Terminals 20 | . 4 . 8 5 3 . . Fabricators . | . . . . . . . . Repair Stations 2 | . . . . 2 . . . Recycling Units 1 | . . . . . 1 . . Scanalyzers . | . . . . . . . . Garrison Access . | . . . . . . . . Terminal Hacks 8 | . 2 . 5 1 . . . Prototype ID Bank 3 | . 1 . 1 1 . . . Terminal Index 1 | . . . 1 . . . . Alert Level 1 | . . . 1 . . . . Unreport Threat 1 | . . . 1 . . . . Locate Traps 1 | . 1 . . . . . . Registered Components 1 | . . . 1 . . . . Fabricator Hacks . | . . . . . . . . Repair Station Hacks 1 | . . . . 1 . . . Scan Component 1 | . . . . 1 . . . Recycling Unit Hacks . | . . . . . . . . Scanalyzer . | . . . . . . . . Garrison Access Hacks . | . . . . . . . . Unauthorized Hacks 6 | . 2 . 2 2 . . . Terminals 6 | . 2 . 2 2 . . . Botnet 4 | . 1 . 2 1 . . . Operators 2 | . 1 . . 1 . . . Fabricators . | . . . . . . . . Repair Stations . | . . . . . . . . Recycling Units . | . . . . . . . . Scanalyzers . | . . . . . . . . Garrison Access . | . . . . . . . . Data Cores Recovered . | . . . . . . . . Used . | . . . . . . . . Hacking Detections 7 | . . . 3 2 2 . . Full Trace Events 2 | . . . 1 . 1 . . Feedback Events . | . . . . . . . . Feedback Blocked . | . . . . . . . . Robot Schematics Acquired . | . . . . . . . . Robots Built . | . . . . . . . . Authchips . | . . . . . . . . Time . | . . . . . . . . Total Robot Build Rating . | . . . . . . . . Part Schematics Acquired . | . . . . . . . . Parts Built . | . . . . . . . . Authchips . | . . . . . . . . Time . | . . . . . . . . Total Part Build Rating . | . . . . . . . . Parts Repaired . | . . . . . . . . Time . | . . . . . . . . Parts Recycled . | . . . . . . . . Recycled Matter . | . . . . . . . . Retrieved Matter . | . . . . . . . . Retrieved Components . | . . . . . . . . Parts Scanalyzed . | . . . . . . . . Part Schematics Acquired . | . . . . . . . . Parts Damaged . | . . . . . . . . Bothacking | -11 -10 -10 -9 -8 -7 -7 -7 ------------ Run | Yrd Mat Min Mat Mat Fac Low Low Used RIF Installer . | . . . . . . . . Robots Hacked . | . . . . . . . . Non-combat . | . . . . . . . . Combat . | . . . . . . . . Robot Hacks Applied . | . . . . . . . . Relay Couplers Released . | . . . . . . . . Fabnet Peak Effective % . | . . . . . . . . Robots Rewired . | . . . . . . . . Allies Hacked . | . . . . . . . . Hacks Repelled . | . . . . . . . . Allies | -11 -10 -10 -9 -8 -7 -7 -7 -------- Run | Yrd Mat Min Mat Mat Fac Low Low Total Allies 1 | . . . . . . 1 . Largest Group 1 | . . . . . . 1 . Highest-Rated Group 165 | . . . . . . 165 . Highest-Rated Ally 165 | . . . . . . 165 . Total Orders . | . . . . . . . . Ally Attacks . | . . . . . . . . Total Damage . | . . . . . . . . Kills . | . . . . . . . . Allies Corrupted . | . . . . . . . . Allies Melted . | . . . . . . . . Intel | -11 -10 -10 -9 -8 -7 -7 -7 ------- Run | Yrd Mat Min Mat Mat Fac Low Low Robot Analysis Total . | . . . . . . . . Derelict Logs Recovered 1 | . . . . . . 1 . Drone Launches . | . . . . . . . . Drone Recoveries . | . . . . . . . . Exploration | -11 -10 -10 -9 -8 -7 -7 -7 ------------- Run | Yrd Mat Min Mat Mat Fac Low Low Turns Passed 1952 | 58 318 46 611 520 136 235 28 Spaces Moved 2356 | 36 150 71 475 812 190 576 46 Core 121 | 5 . . . 1 . 69 46 Treads 177 | 31 146 . . . . . . Legs . | . . . . . . . . Wheels . | . . . . . . . . Hover 987 | . 4 71 475 437 . . . Flight 1071 | . . . . 374 190 507 . Fastest Speed 26 | 50 56 56 52 26 26 27 50 Average Speed 48 | 144 158 56 52 38 26 32 50 Slowest Speed 180 | 160 180 56 56 150 27 175 50 Overloaded Moves . | . . . . . . . . Propulsion Burnouts . | . . . . . . . . Robots Hopped 1 | . . . . . . 1 . Cave-ins Triggered . | . . . . . . . . Exploration Rate (%) 27 | 3 27 19 35 53 6 68 12 Regions Visited 7 Branch Regions 3 Pre-discovered Areas . | . . . . . . . . Known Exits Taken . | . . . . . . . . Unknown Exits Taken 7 | 1 1 1 1 1 1 1 . Scrap Searched 3 | . . 1 . . . 2 . Spaces Dug 2 | . . . . 2 . . . Terrain Destroyed 3 | . . . . 3 . . . Melee 2 | . . . . 2 . . . Projectile 1 | . . . . 1 . . . AOE . | . . . . . . . . Terrain Rammed . | . . . . . . . . Walls Destroyed . | . . . . . . . . Machines Disabled . | . . . . . . . . Actions | -11 -10 -10 -9 -8 -7 -7 -7 --------- Run | Yrd Mat Min Mat Mat Fac Low Low Total 2979 | 40 201 76 789 948 273 601 51 Wait 362 | . 5 4 245 33 70 2 3 Move 2347 | 35 149 70 474 811 189 573 46 Hop 1 | . . . . . . 1 . Pick Up 28 | . 1 2 7 13 3 2 . Fast Attach 28 | 5 5 . 6 11 1 . . Attach 12 | . . . 3 5 2 2 . Detach 16 | . 4 . 5 5 1 . 1 Swap 23 | . . . 8 10 3 2 . Drop 41 | . 1 . 10 23 3 4 . Fire 87 | . 36 . 31 20 . . . Melee 30 | . . . . 17 1 12 . Ram 3 | . . . . . . 3 . Kick . | . . . . . . . . Crush . | . . . . . . . . Escape Stasis . | . . . . . . . . Rewire . | . . . . . . . . Trap 1 | . . . . . . . 1 Miscellaneous . | . . . . . . . . Route ------- -11/Scrapyard -10/Materials (discovered 2 exits: *Mat / [*Min]) -10/Mines -9/Materials (discovered 2 exits: *Mat / [*Min]) -8/Materials -7/Factory -7/Lower Caves -7/Lower Caves History --------- Turn | Location | Event 12 | -11/Scrapyard | Discovered new exit (range 16) 59 | -11/Scrapyard | Entered Materials 242 | -10/Materials | Discovered new exit (range 16) 318 | -10/Materials | Build established: Mutant 347 | -10/Materials | Discovered new exit (range 4) 377 | -10/Materials | Entered Mines 390 | -10/Mines | Met a Derelict bent on vengeance 420 | -10/Mines | Discovered new exit (range 5) 423 | -10/Mines | Entered Materials 423 | -9/Materials | Evolved 2 slots: Propulsion x1, Utility x1 483 | -9/Materials | Discovered new exit (range 8) 989 | -9/Materials | Discovered new exit (range 5) 1034 | -9/Materials | Entered another Materials area 1034 | -8/Materials | Evolved 2 slots: Propulsion x1, Utility x1 1546 | -8/Materials | Discovered new exit (range 12) 1554 | -8/Materials | Entered Factory 1554 | -7/Factory | Evolved 2 slots: Utility x2 1684 | -7/Factory | Discovered new exit (range 17) 1690 | -7/Factory | Entered Lower Caves 1790 | -7/Lower Caves | Learned Factory security intel 1815 | -7/Lower Caves | Spotted B-75 Beast 1881 | -7/Lower Caves | Core integrity fell below 50% 1914 | -7/Lower Caves | Core integrity fell below 20% 1919 | -7/Lower Caves | Discovered new exit (range 14) 1925 | -7/Lower Caves | Entered another Lower Caves area 1938 | -7/Lower Caves | Lost 11 parts (1p6n3u1w) 1953 | -7/Lower Caves | Destroyed by LH-XO5(f) with Tearclaws Last Messages --------------- 01881_ Dropped Weight Redist. System. 01882_ Dropped Sml. Storage Unit. 01890_ Imp. VTOL Module destroyed. 01907_ Slammed into S-27 Virus. 01907_ Structural Scanner destroyed. 01907_ System corrupted by crushing effect (+5). 01909_ S-27 Virus destroyed. 01911_ Critical hit (Burn: +37). A strange signal echoes through the caves. 01912_ Critical hit (Burn: +37). 01914_ VTOL Module fries itself beyond repair. 01919_ EXIT=FOUND LOCATION=UNKNOWN GOAL=ESCAPE 01928_ Discarded Broken Visual Processing Unit. 01939_ System corrupted: Heat flow error (+102). 01943_ Corrupted Lgt. Nuclear Core self-destruct mechanism malfunctions. 01943_ Corrupted Aluminum Leg self-destruct mechanism malfunctions. 01946_ Installed Fire Trap. 01952_ Com. Matter Pod ripped off. Map ----- +----------------------------------------------------+ | | | | | | | | | | | | | | | | | | | | | | | | | ?????????????????????????????????????????????????? | | ?????????????????????????????????????????????????? | | ?????????????????????????????????????????????????? | | ?????????????????????????????????????????????????? | | ?????????????????????????????????????????????????? | | ?????????????????????????????????????????????????? | | ?????????????????????????????????????????????????? | | ?????????????????????????????????????????????????? | | ?????????????????????????????????????????????????? | | ?????????????????????????????????????????????????# | | ?????????????????????######?????????????????????# | | ????????????????????##"! #????????????????????# | | ????????????????????#"?f"f#???????????????????? | | ?????????????????????#!##@#????????######?????# | | ?????????????????????# f #####????## ## ####### | | ?????????????????????#### #????#""""" ## ## | | ????????????? ## # ######" ""# # | | ???????????? #""" "# | | ??????????????# ## | | ??????????????### #### ###""%= | | ????????????????# ????## ###?# "*=%"#"""## | | ???????????????????????# #???# "^% ######## | | ???????????????????????# ???#### "#?????## ## | | ???????????????????????# ??????# ##??????## #? | | ??????????????????????? ??????# #????????# ## | | ?????????????????????? #??????# ## ?????# # | | ?????????????????????? ??????? ## #### | | ????????????????????? ??????? | | ????????????????????? ####?????? | | ???????????????????? ?????????? ###### | | ???????????????????? ??????????? ??????## | | ??????????????????????????????? ## ?????????# | | ??????????????????????????????? ?# ??????????? | | ???????????????????????????????? ??????????? | | ????????????????????????????????? ??????????????? | | ?????????????????????????????????# ??????????????? | | ?????????????????????????????????????????????????? | | ?????????????????????????????????????????????????? | +----------------------------------------------------+ Best States ------------- Heat Dissipation 34 Energy Generation 14 Energy Capacity 280 Matter Stores 450 Matter Capacity 450 Sight Range 18 Robot Scan Range 15 Terrain Scan Density 10 Jamming Range 12 Additional Mass Support 6 Propulsion Shielding 33 Weapon Shielding 66 Evasion (%) 64 Targeting Accuracy 8 Recoil Reduction 2 Item Schematics ----------------- None Robot Schematics ------------------ None Fabricated ------------ Nothing Alien Tech Used ----------------- None Achievements -------------- None Challenges ------------ None Game ------ Seed KineticCatalystConstruct Manual? 0 Play Time 00:28:21 Cumulative 114.8 hours Start 2024.07.04 @ 16:07:55 End 2024.07.04 @ 16:35:52 Sessions 1 Manual Loads 0 Difficulty Rogue Special Mode None Game No. 139 Rogue 133 Adventurer 6 Explorer 0 Win Type - Total 1 Types 1/0/0/0/0/0/0/0/0 Lore% 38 Gallery% 61 Achievement% 44 Wizard Run 0 Options --------- Layout 0 ASCII 0 Keyboard 1 Movement Numpad Keybinds 0 Fullscreen 0 Font 14/Smallcaps Map View 76x50 Zoom Use 0% Tactical HUD 1 Map Filters NONE Filters NONE Steam 1 RUN: edfe5d50-cfd8-4bd6-92c2-2385f3189be2